cohdb
Replays
Latest Replays
All Replays
Popular Replays
Top Player Replays
Match Explorer
How It Works
Community
CoH3 Stats
Reddit
Sign in to upload your games and track your stats! →
Sign in with Steam
Match 42939931
Unlisted
Match 42939931
Overview
Messages
Build Orders
End
Kettenkrad Recon Vehicle
Construct Infanterie Kompanie
Selects Luftwaffe Battlegroup
Selects Luftwaffe Pioneer Support
Selects Luftwaffe Pioneer Support
MG 42 Machine Gun Team
Fallschirmpioneer Squad Paradrop
Grenadier Squad
Selects Stuka Strafing Run
Stuka Strafing Run
Medical Station
GrW 34 Mortar Team
GrW 34 Mortar Team
Selects Fallschirmjäger Squad Paradrop
Construct Panzergrenadier Kompanie
Pak 40 Anti-tank Gun Team
Support Elements
Nebelwerfer 42 Rocket Launcher Team
Stuka Strafing Run
Selects Flak 38 Anti-Air Emplacement
Selects Flak 36 Anti-tank Gun Emplacement
Hoshimi Miyabi
Comrade STALIN
Tok3n x Operator
MonoChrome
0
0
Comments
sign in to comment!
No comments posted yet!